Map: Ulrena

Players

Chris (MCanning) - Winner!

  • Race: Protoss Protoss
  • League: Platinum

MogrA

  • Race: Terran Terran
  • League: Gold

VOD

Have the link to the VOD?

Description

Time

  • Played on: Nov. 11, 2015, 12:32 a.m.
  • Length: 8:52
Show
View Real Time Build Order
Export as new Build Order

Chris Protoss - Winner!

Build Orders: 1 Gate Expand 

Get SALT Encoding   

  12  0:02  Probe (Chrono Boost)  
  13  0:12  Probe (Chrono Boost)  
  14  0:19  Pylon  
  14  0:23  Probe (Chrono Boost)  
  15  0:38  Probe (Chrono Boost)  
  15  0:40  Gateway  
  16  0:48  Probe (Chrono Boost)  
  17  0:50  Assimilator  
  17  0:59  Probe (Chrono Boost)  
  18  1:09  Probe (Chrono Boost)  
  19  1:20  Nexus  
  19  1:35  Cybernetics Core  
  19  1:38  Assimilator  
  19  1:39  Probe (Chrono Boost)  
  20  1:49  Probe (Chrono Boost)  
  20  1:51  Pylon  
  21  2:00  Probe (Chrono Boost)  
  22  2:13  Mothership Core (Chrono Boost)  
  22  2:14  Adept (Chrono Boost)  
  26  2:17  Warp Gate  
  26  2:23  Pylon  
  26  2:31  Probe  
  26  2:35  Probe (Chrono Boost)  
  28  2:43  Probe (Chrono Boost)  
  29  2:47  Robotics Facility  
  29  2:55  Probe (Chrono Boost)  
  29  2:57  Probe (Chrono Boost)  
  31  3:06  Probe (Chrono Boost)  
  32  3:14  Gateway  
  32  3:16  Gateway  
  32  3:20  Probe (Chrono Boost)  
  32  3:22  Probe (Chrono Boost)  
  34  3:30  Probe (Chrono Boost)  
  35  3:36  Stargate  
  35  3:37  Observer (Chrono Boost)  
  36  3:45  Probe, Pylon  
  36  3:47  Probe  
  39  3:56  Observer (Chrono Boost)  
  39  3:57  Probe  
  39  4:01  Pylon  
  41  4:17  Observer (Chrono Boost)  
  41  4:20  Stalker x2  
  41  4:21  Stalker  
  41  4:23  Probe  
  47  4:36  Probe x2  
  49  4:44  Phoenix (Chrono Boost)  
  51  4:48  Probe x2  
  53  4:57  Pylon  
  53  5:00  Probe  
  53  5:03  Assimilator  
  53  5:06  Phoenix (Chrono Boost)  
  56  5:09  Probe, Assimilator  
  56  5:13  Immortal  
  57  5:18  Probe  
  62  5:23  Probe (Chrono Boost)  
  63  5:30  Probe (Chrono Boost)  
  63  5:31  Phoenix (Chrono Boost)  
  63  5:34  Pylon  
  67  5:35  Probe (Chrono Boost)  
  67  5:41  Probe (Chrono Boost)  
  68  5:46  Probe (Chrono Boost)  
  67  5:52  Probe (Chrono Boost)  
  67  5:57  Probe (Chrono Boost), Forge  
  69  6:00  Robotics Bay  
  69  6:06  Probe (Chrono Boost)  
  69  6:08  Probe (Chrono Boost)  
  69  6:10  Immortal  
  76  6:18  Probe (Chrono Boost)  
  76  6:20  Forge  
  76  6:22  Pylon x2  
  76  6:30  Phoenix  
  78  6:33  Protoss Ground Armor Level 1 (Chrono Boost)  
  78  6:35  Photon Cannon  
  78  6:47  Nexus  
  78  6:50  Pylon  
  78  6:53  Disruptor (Chrono Boost)  
  81  6:58  Protoss Ground Weapons Level 1 (Chrono Boost)  
  81  7:07  Adept x3  
  86  7:13  Probe  
  87  7:21  Gateway  
  87  7:22  Gateway  
  87  7:24  Pylon  
  87  7:27  Disruptor (Chrono Boost)  
  87  7:28  Adept  
  92  7:30  Adept  
  92  7:36  Adept  
  90  8:01  Probe  
  90  8:03  Probe  
  88  8:06  Disruptor (Chrono Boost)  
  88  8:08  Probe  
  88  8:10  Twilight Council  
  88  8:11  Stalker  
  88  8:12  Stalker x2  
  98  8:13  Pylon x2  
  98  8:16  Probe  
  95  8:40  Stalker  
  95  8:41  Stalker x2  
  98  8:48  Gateway  
  98  8:49  Gateway  
Show
View Real Time Build Order
Export as new Build Order

MogrA Terran 

Build Orders: 1/1/1, Liberator Opening 

Get SALT Encoding   

  12  0:03  SCV  
  13  0:15  SCV  
  13  0:19  Supply Depot  
  14  0:27  SCV  
  15  0:40  SCV  
  15  0:42  Barracks  
  16  0:46  Refinery  
  16  0:52  SCV  
  16  0:56  Refinery  
  17  1:04  SCV  
  18  1:17  SCV  
  19  1:29  Orbital Command  
  19  1:30  Supply Depot  
  19  1:39  Factory  
  19  1:43  Marine  
  20  1:54  SCV  
  21  2:04  Marine  
  21  2:06  SCV  
  23  2:14  Supply Depot  
  23  2:19  SCV  
  24  2:23  Starport  
  24  2:24  Factory Reactor  
  24  2:26  Marine  
  25  2:31  SCV  
  26  2:43  SCV  
  26  2:44  Marine  
  28  2:49  Supply Depot  
  28  2:52  Liberator x2  
  28  2:55  SCV  
  28  3:07  Marine  
  35  3:25  Marine  
  36  3:30  Factory Tech Lab  
  36  3:35  Supply Depot  
  36  3:43  Command Center  
  36  3:44  Marine  
  36  3:46  SCV  
  38  3:58  SCV  
  39  4:06  Medivac x2  
  40  4:22  SCV  
  40  4:23  Marine  
  42  4:29  Cyclone  
  45  4:44  Medivac x2  
  50  4:48  Barracks  
  50  4:49  Barracks  
  50  4:54  SCV  
  50  4:57  Orbital Command  
  50  5:03  Barracks Tech Lab  
  50  5:10  SCV  
  50  5:12  Mag-Field Accelerator  
  51  5:29  Orbital Command  
  51  5:37  Barracks Reactor x2  
  51  5:38  Barracks Tech Lab  
  51  5:40  Refinery x2  
  51  5:41  Supply Depot  
  49  5:56  Cyclone  
  52  5:58  Marine  
  52  5:59  Marine  
  54  6:05  Engineering Bay  
  54  6:06  Engineering Bay  
  54  6:08  SCV x2  
  56  6:17  Marine  
  56  6:18  Marine  
  58  6:19  Marauder  
  58  6:20  SCV x2, Marauder  
  64  6:30  Stimpack  
  64  6:32  SCV  
  65  6:33  SCV, Missile Turret  
  65  6:35  Marine x2  
  68  6:40  Missile Turret  
  68  6:41  Terran Infantry Weapons Level 1  
  68  6:46  Terran Infantry Armor Level 1  
  68  6:48  SCV x2  
  70  7:00  SCV  
  71  7:18  Marine  
  71  7:19  Marine x3  
  71  7:21  Cyclone  
  78  7:32  Armory, Supply Depot  
  78  7:34  Supply Depot  
  78  7:35  Supply Depot  
  78  7:47  SCV, Marine x2  
  78  7:51  SCV  
  78  7:54  Medivac x2  
  68  8:07  Marine x4  
  68  8:08  Cyclone  
  65  8:25  Marine x4  
Tags
 
Add a new tag
Caveats
  • Supply blocks, unpowered buildings, or Contaminate may cause inaccurate times.
  • Supply counts are checked every 10 seconds.